Map: Cyber Forest LE

Players

sOs

  • Race: Protoss Protoss
  • Spawn Location: 5:00

Dear - Winner!

  • Race: Protoss Protoss
  • Spawn Location: 11:00

Event: IEM Season 13: Katowice (2019)

VOD

Have the link to the VOD?

Description

Time

  • Played on: Feb. 25, 2019, 9:15 a.m.
  • Length: 15:19

All games in this series

Show
View Real Time Build Order
Export as new Build Order

sOs Protoss 

Build Orders: Zealot Archon, Dark Templar Rush 

Get SALT Encoding   

  12  0:00  Probe  
  13  0:12  Probe  
  14  0:17  Pylon  
  14  0:23  Probe  
  15  0:31  Probe  
  15  0:37  Gateway  
  15  0:40  Probe  
  16  0:45  Assimilator  
  17  0:50  Probe  
  17  0:54  Assimilator  
  18  0:58  Probe  
  19  1:06  Probe  
  20  1:13  Gateway  
  20  1:17  Probe  
  20  1:25  Cybernetics Core  
  21  1:29  Probe  
  22  1:36  Pylon  
  22  1:41  Probe  
  23  1:54  Probe  
  24  2:01  Stalker  
  24  2:02  Warp Gate, Sentry  
  24  2:08  Pylon  
  29  2:27  Twilight Council  
  29  2:28  Stalker  
  31  2:34  Stalker  
  32  2:50  Pylon  
  32  3:08  Nexus  
  32  3:15  Dark Shrine  
  32  3:18  Probe  
  33  3:30  Probe  
  34  3:42  Probe  
  34  3:47  Pylon  
  35  3:50  Stalker x2  
  39  3:59  Cybernetics Core  
  39  4:00  Probe  
  40  4:13  Probe  
  41  4:22  Probe  
  42  4:25  Probe  
  42  4:27  Dark Templar x2  
  47  4:33  Robotics Facility  
  47  4:34  Probe  
  47  4:38  Probe  
  49  4:46  Probe  
  49  4:48  Probe, Charge  
  49  4:54  Probe  
  49  4:56  Probe  
  48  5:04  Probe x2, Pylon  
  49  5:11  Warp Prism  
  51  5:19  Probe  
  51  5:20  Assimilator  
  54  5:23  Assimilator  
  54  5:25  Probe  
  54  5:28  Pylon  
  55  5:32  Dark Templar  
  55  5:33  Dark Templar  
  59  5:41  Gateway  
  59  5:42  Gateway  
  59  5:43  Probe  
  59  5:45  Probe  
  61  5:53  Immortal  
  61  5:55  Probe  
  62  5:57  Probe  
  67  6:07  Forge, Probe  
  68  6:18  Gateway  
  68  6:20  Gateway  
  68  6:24  Gateway  
  68  6:27  Gateway  
  68  6:40  Zealot x3  
  68  6:41  Protoss Ground Weapons Level 1  
  68  6:42  Zealot  
  68  6:46  Pylon  
  76  6:57  Pylon  
  76  7:02  Pylon  
  76  7:11  Dark Templar x4, Archon  
  76  7:14  Zealot  
  76  7:15  Archon x2  
  86  7:18  Zealot  
  86  7:19  Zealot  
  90  7:33  Dark Templar  
  82  7:40  Zealot x3  
  82  7:43  Zealot  
  76  7:51  Zealot x2  
  72  7:55  Zealot  
  64  8:00  Zealot, Protoss Ground Weapons Level 2  
  50  8:14  Stalker x2  
  50  8:15  Stalker x2  
  58  8:34  Dark Templar x4  
  66  8:41  Archon x2  
  66  8:43  Immortal  
  70  8:56  Sentry  
  72  9:08  Zealot  
  72  9:09  Zealot x3  
  80  9:15  Templar Archives  
  80  9:25  Zealot x2  
  80  9:29  Zealot  
  86  9:34  Zealot  
  86  9:37  Pylon  
  88  9:40  Zealot  
  90  9:58  High Templar x2  
  90  9:59  High Templar  
  96  10:00  Zealot x3  
  96  10:03  Archon x2  
  96  10:05  Zealot  
  104  10:08  Zealot  
  105  10:20  Zealot x2  
  100  10:22  Zealot  
  67  10:37  Probe x2  
  67  10:38  High Templar x2  
  73  10:43  Archon  
  73  10:44  High Templar x2  
  73  10:47  Zealot  
  73  10:48  Archon  
  73  11:06  Dark Templar  
  73  11:11  Zealot x3  
  81  11:14  Probe  
  81  11:15  Probe  
  83  11:25  High Templar  
  83  11:26  Zealot, Warp Prism, High Templar  
  83  11:30  Archon  
  91  11:53  High Templar x2  
  91  11:54  Zealot x3  
  97  11:58  Pylon, Archon  
  101  12:12  Pylon  
  101  12:17  Zealot x3, High Templar  
  101  12:22  Pylon  
  109  12:32  Archon  
  109  12:42  High Templar x2  
  109  12:43  Zealot x4  
  121  12:46  Archon  
  121  12:47  Zealot  
  123  12:55  Pylon  
  124  13:02  Dark Templar  
  126  13:10  Pylon  
  123  13:15  Observer, Pylon  
  118  13:27  Probe  
  118  13:28  Probe  
  115  13:44  High Templar x2  
  119  13:49  Archon  
  119  13:50  High Templar x2  
  119  13:51  Zealot x3  
  119  13:55  Archon  
  104  14:11  Zealot x4  
  76  14:26  Zealot x2  
  58  14:33  Zealot  
  58  14:38  Zealot  
  54  14:43  Zealot  
  42  14:56  High Templar x2  
  42  14:57  High Templar x2  
  48  15:01  Archon x2  
  48  15:04  Zealot  
Show
View Real Time Build Order
Export as new Build Order

Dear Protoss - Winner!

Build Orders: Phoenix Opening, Archon Immortal 

Get SALT Encoding   

  12  0:00  Probe  
  13  0:12  Probe  
  14  0:17  Pylon  
  14  0:24  Probe  
  15  0:32  Probe  
  15  0:37  Gateway  
  15  0:40  Probe  
  16  0:46  Assimilator  
  17  0:51  Probe  
  17  0:55  Assimilator  
  18  1:03  Probe  
  19  1:13  Gateway  
  19  1:15  Probe  
  20  1:26  Cybernetics Core  
  20  1:27  Probe  
  20  1:32  Pylon  
  21  1:39  Probe  
  22  1:51  Probe  
  22  1:53  Warp Gate  
  23  2:02  Adept x2  
  27  2:12  Pylon  
  27  2:26  Probe  
  28  2:32  Adept x2  
  32  3:02  Adept x2  
  35  3:07  Nexus  
  35  3:11  Robotics Facility  
  35  3:16  Pylon  
  35  3:18  Probe  
  36  3:28  Probe  
  37  3:36  Probe  
  38  3:44  Sentry x2, Probe  
  43  3:50  Forge  
  43  3:56  Probe  
  43  3:57  Pylon  
  43  3:58  Phoenix  
  43  3:59  Observer  
  44  4:08  Immortal, Probe  
  46  4:19  Probe  
  46  4:20  Probe  
  52  4:26  Protoss Ground Weapons Level 1  
  52  4:32  Shield Battery  
  52  4:33  Probe  
  52  4:35  Probe  
  54  4:45  Probe  
  55  4:47  Probe  
  55  4:52  Immortal  
  60  4:56  Probe  
  60  4:59  Probe  
  62  5:02  Pylon  
  62  5:05  Probe  
  62  5:08  Probe, Assimilator  
  62  5:11  Assimilator  
  62  5:13  Probe, Phoenix  
  64  5:16  Probe  
  66  5:23  Probe  
  66  5:25  Probe  
  66  5:27  Pylon  
  68  5:32  Twilight Council  
  68  5:35  Probe, Warp Prism  
  70  5:38  Probe  
  72  5:48  Photon Cannon  
  72  5:56  Gateway  
  70  5:59  Gateway  
  68  6:06  Gateway, Protoss Ground Weapons Level 2  
  68  6:07  Gateway  
  68  6:11  Gateway  
  68  6:17  Gateway  
  68  6:20  Charge  
  68  6:21  Templar Archives  
  68  6:32  Shield Battery  
  68  6:38  Immortal  
  72  6:43  Pylon  
  72  6:45  Pylon  
  72  6:53  Gateway  
  72  7:00  Gateway  
  72  7:08  Pylon  
  72  7:10  High Templar x3  
  72  7:11  High Templar  
  72  7:13  Probe  
  81  7:16  Archon x2  
  81  7:19  High Templar  
  81  7:20  High Templar  
  85  7:23  Pylon  
  85  7:24  Archon  
  79  7:43  Zealot x4  
  53  7:51  Zealot x2  
  53  7:56  Stalker x2  
  53  8:04  Zealot x4  
  51  8:14  High Templar x2  
  51  8:15  Pylon  
  55  8:26  Archon  
  53  8:31  Zealot x2  
  55  8:35  Stalker x2  
  58  8:42  Probe  
  59  8:50  Adept x2  
  59  8:54  Probe x2  
  63  9:02  Probe  
  65  9:03  Probe  
  67  9:12  Immortal, High Templar x2  
  67  9:16  Archon  
  73  9:31  Adept x2  
  73  9:39  Zealot x2  
  73  9:41  Shield Battery  
  77  9:47  Shield Battery  
  77  9:50  High Templar  
  77  9:52  High Templar  
  81  9:56  Archon  
  81  9:57  Zealot x2  
  85  10:13  Zealot x3  
  91  10:20  High Templar x2  
  91  10:24  Archon  
  91  10:27  Zealot x3  
  73  10:43  Stalker x3  
  73  10:49  Zealot  
  81  10:53  Zealot  
  79  10:57  Zealot  
  79  10:59  Warp Prism  
  79  11:03  Protoss Ground Weapons Level 3, High Templar x2  
  83  11:07  Archon  
  85  11:18  Zealot x2  
  89  11:32  Probe  
  90  11:35  Observer  
  91  11:46  Zealot  
  93  11:47  Zealot x2  
  93  11:53  Sentry  
  99  12:02  Immortal  
  99  12:06  High Templar x2  
  103  12:10  Archon  
  107  12:15  Pylon  
  107  12:27  Nexus  
  107  12:32  Immortal  
  107  12:44  Pylon  
  111  12:50  High Templar x2  
  115  12:54  Archon  
  115  13:01  Immortal  
  115  13:16  Zealot x6  
  131  13:34  Observer  
  130  13:35  Zealot x2  
  134  13:47  Pylon x2  
  112  14:13  Stalker x2  
  112  14:14  Zealot x4, Stalker x2  
  80  14:42  High Templar  
  80  14:43  High Templar x4  
  86  14:49  High Templar, Archon x2  
  80  14:57  Archon  

Tags
 
Add a new tag
Caveats
  • Supply blocks, unpowered buildings, or Contaminate may cause inaccurate times.
  • Supply counts are checked every 10 seconds.